Bridgeport Sound Tigers vs Philadelphia Phantoms

Created - 6 mars 2018 at 19:34

Goals
1 2 3 T
Bridgeport Sound Tigers 0 2 0 2
Philadelphia Phantoms 1 1 2 4
Shots
1 2 3 T
Bridgeport Sound Tigers 14 13 2 29
Philadelphia Phantoms 15 7 10 32

1st period

1. Philadelphia Phantoms , Joshua Ho-Sang 39 (Kevin Fiala 35, Scott Laughton 44) at 17:10 (PP)

Penalties :
Dryden Hunt (PHA) for Fighting (Major) at 3:59, Sena Acolatse (SND) for Fighting (Major) at 3:59, Jonathan Diaby (PHA) for Fighting (Major) at 11:24, Sena Acolatse (SND) for Fighting (Major) at 11:24, Michael Bunting (SND) for Roughing (Minor) at 17:05

2nd period

2. Philadelphia Phantoms , Kevin Labanc 31 (Jonathan Diaby 3, Dale Weise 25) at 8:05
3. Bridgeport Sound Tigers , Daniel Catenacci 5 (Gustav Forsling 39) at 16:34
4. Bridgeport Sound Tigers , Kerby Rychel 23 (Evan Rodrigues 23) at 16:48

Penalties :
Jonathan Diaby (PHA) for Hooking (Minor) at 8:15, Brandon Montour (PHA) for Roughing (Minor) at 13:04

3rd period

5. Philadelphia Phantoms , Joshua Ho-Sang 40 (Kevin Fiala 36, Jonathan Diaby 4) at 0:50
6. Philadelphia Phantoms , Jordan Maletta 13 (Dryden Hunt 18, Zac Dalpe 25) at 12:17

Penalties :
Erik Burgdoerfer (SND) for Roughing (Minor) at 2:33, Kerby Rychel (SND) for Interference (Minor) at 12:20

Goalie Stats

Cal Heeter (SND), 28 saves from 32 shots - (0,875), L, 7-5-2, 60:00 minutes
Alex Lyon (PHA), 27 saves from 29 shots - (0,931), W, 2-0-0, 60:00 minutes

Players Stats for Bridgeport Sound Tigers

Player Name              G  A  P  +/- PIM S  H  SB GA TA FO     MP     PP MP  PK MP  
------------------------------------------------------------------------------------
Cody Corbett             0  0  0   1  0   0  0  2  0  0  0/0    16:17   0:00   0:00 
Daniel Catenacci         1  0  1  -1  0   1  1  0  0  0  1/1    10:51   0:00   0:00 
Danny Kristo             0  0  0  -1  0   2  0  0  1  1  0/1    18:41   1:27   0:00 
Dylan Sadowy             0  0  0   0  0   0  1  0  0  0  0/0     5:54   0:00   0:41 
Erik Burgdoerfer         0  0  0  -1  2   1  0  1  0  0  0/0    25:39   2:13   1:06 
Evan Rodrigues           0  1  1   0  0   10 2  0  2  0  13/28  25:55   2:31   2:09 
Gustav Forsling          0  1  1  -1  0   1  1  2  0  0  0/0    27:12   2:13   2:29 
Jacob Middleton          0  0  0   1  0   1  0  0  1  0  0/0    16:50   0:00   1:01 
Justin Dowling           0  0  0  -1  0   0  1  1  0  1  7/13   19:38   1:27   0:54 
Justin Scott             0  0  0  -1  0   1  1  0  0  0  4/10   13:43   0:00   1:33 
Kerby Rychel             1  0  1   1  2   5  5  0  0  0  0/1    16:41   2:31   0:25 
Logan Shaw               0  0  0   1  0   7  1  1  0  1  1/2    24:15   2:31   2:24 
Michael Bunting          0  0  0  -1  2   0  3  0  0  0  1/3    18:40   1:27   0:00 
Patrick Sieloff          0  0  0  -1  0   0  1  1  0  0  0/0    19:20   1:45   1:34 
Ryan Lomberg             0  0  0   0  0   0  0  1  1  1  0/1     8:41   0:00   0:00 
Sena Acolatse            0  0  0  -1  10  0  1  0  0  0  0/0    15:42   1:45   1:56 
Stephen MacAulay         0  0  0   0  0   0  0  2  0  0  1/2     8:41   0:00   0:00 
Troy Josephs             0  0  0   0  0   0  2  0  0  0  0/0     3:12   0:00   0:00 

Players Stats for Philadelphia Phantoms

Player Name              G  A  P  +/- PIM S  H  SB GA TA FO     MP     PP MP  PK MP  
------------------------------------------------------------------------------------
Alexandre Carrier        0  0  0   1  0   3  2  3  0  0  0/0    25:05   2:29   2:17 
Brandon Montour          0  0  0   1  2   1  2  2  1  0  0/0    22:25   2:29   0:00 
Chad Billins             0  0  0  -1  0   0  1  0  0  0  0/0    16:10   0:00   2:17 
Dakota Mermis            0  0  0   1  0   0  3  2  0  0  0/0    21:29   1:34   1:41 
Dale Weise               0  1  1   1  0   5  2  0  0  0  0/0    15:35   1:54   0:00 
Dean Kukan               0  0  0   1  0   0  1  1  0  1  0/0    22:07   1:34   1:41 
Dryden Hunt              0  1  1   1  5   1  0  0  0  0  0/0    13:51   1:03   0:05 
Jon Martin               0  0  0  -1  0   0  4  0  0  0  2/4     9:09   0:00   0:00 
Jonathan Diaby           0  2  2  -1  7   0  1  0  0  1  0/0    13:02   0:00   0:00 
Jordan Maletta           1  0  1   1  0   3  2  0  1  0  7/8    15:47   0:17   1:45 
Joshua Ho-Sang           2  0  2   0  0   4  2  2  0  0  1/2    17:57   2:14   0:12 
Juho Lammikko            0  0  0  -1  0   0  0  0  0  0  0/0     9:09   0:00   0:00 
Kevin Fiala              0  2  2   0  0   2  1  0  1  0  0/1    17:47   2:14   0:00 
Kevin Labanc             1  0  1   1  0   3  0  0  0  0  0/0    14:11   0:26   0:00 
Nic Kerdiles             0  0  0  -1  0   2  1  0  0  2  0/0     9:09   0:00   0:00 
Scott Laughton           0  1  1   0  0   3  1  0  0  0  13/29  20:08   2:12   2:10 
Sean Kuraly              0  0  0   1  0   1  0  2  0  1  8/15   18:18   1:49   1:39 
Zac Dalpe                0  1  1   1  0   4  1  0  1  0  3/3    14:39   0:00   2:05 

3 Stars

1 - Joshua Ho-Sang (PHA)
2 - Jordan Maletta (PHA)
3 - Kevin Labanc (PHA)

Power Play

Bridgeport Sound Tigers - 0 on 2 Attempt(s) - 0,00%
Philadelphia Phantoms - 1 on 3 Attempt(s) - 33,33%

Penalty Kill

Bridgeport Sound Tigers - 2 on 3 Attempt(s) - 66,67% - Score 0 goal in Penalty Kill
Philadelphia Phantoms - 2 on 2 Attempt(s) - 100,00% - Score 0 goal in Penalty Kill

Team Stat

Bridgeport Sound Tigers - Hits : 20 - Faceoff Wins : 28 - Blocked Shots : 11 - Penalty Minutes : 16
Philadelphia Phantoms - Hits : 24 - Faceoff Wins : 34 - Blocked Shots : 12 - Penalty Minutes : 14

Official

Referees : Chris Lee and Jean Hebert
Linesman : Mark Wheler and Michel Cormier

Game Notes

Sena Acolatse beats up Dryden Hunt at 3:59 of 1st period
Jonathan Diaby and Sena Acolatse fight to a draw at 11:24 of 1st period

Finance

Level 1 -- Attendance: 1612 (80,60%) -- Ticket Income 56 420 $
Level 2 -- Attendance: 722 (72,20%) -- Ticket Income 10 830 $
Total Attendance: 2334 (77,80%)
Total Ticket Income: 67 250 $
Other Income: 32 952 $
Total Income: 100 202 $

Bridgeport Sound Tigers

5 vs 5 Forward 
   Center                   Left Wing                Right Wing               Time % Phy DF OF 
 1 Evan Rodrigues           Kerby Rychel             Logan Shaw               40     1   2  2  
 2 Justin Dowling           Michael Bunting          Danny Kristo             30     1   2  2  
 3 Justin Scott             Daniel Catenacci         Evan Rodrigues           20     1   2  2  
 4 Stephen MacAulay         Ryan Lomberg             Logan Shaw               10     1   2  2  

5 vs 5 Defense 
   Defense                  Defense                                           Time % Phy DF OF 
 1 Erik Burgdoerfer         Gustav Forsling                                   40     1   2  2  
 2 Sena Acolatse            Patrick Sieloff                                   30     1   2  2  
 3 Cody Corbett             Jacob Middleton                                   20     1   2  2  
 4 Erik Burgdoerfer         Gustav Forsling                                   10     1   2  2  

PowerPlay Forward 
   Center                   Left Wing                Right Wing               Time % Phy DF OF 
 1 Evan Rodrigues           Kerby Rychel             Logan Shaw               60     1   2  2  
 2 Justin Dowling           Michael Bunting          Danny Kristo             40     1   2  2  

PowerPlay Defense
   Defense                  Defense                                           Time % Phy DF OF 
 1 Erik Burgdoerfer         Gustav Forsling                                   60     1   2  2  
 2 Sena Acolatse            Patrick Sieloff                                   40     1   2  2  

Penalty Kill 4 Players Forward 
   Center                   Wing                     Time % Phy DF OF 
 1 Evan Rodrigues           Logan Shaw               60     1   2  2  
 2 Kerby Rychel             Justin Dowling           40     1   2  2  

Penalty Kill 4 Players Defense
   Defense                  Defense                  Time % Phy DF OF 
 1 Erik Burgdoerfer         Gustav Forsling          60     1   2  2  
 2 Sena Acolatse            Patrick Sieloff          40     1   2  2  

Penalty Kill - 3 Players Forward 
   Forward                                           Time % Phy DF OF 
 1 Evan Rodrigues                                    60     1   2  2  
 2 Logan Shaw                                        40     1   2  2  

Penalty Kill - 3 Players Defense
   Defense                  Defense                  Time % Phy DF OF 
 1 Erik Burgdoerfer         Gustav Forsling          60     1   2  2  
 2 Sena Acolatse            Patrick Sieloff          40     1   2  2  

4 vs 4 Forward 
   Center                   Wing                     Time % Phy DF OF 
 1 Evan Rodrigues           Logan Shaw               60     1   2  2  
 2 Kerby Rychel             Justin Dowling           40     1   2  2  

4 vs 4 Defense
   Defense                  Defense                  Time % Phy DF OF 
 1 Erik Burgdoerfer         Gustav Forsling          60     1   2  2  
 2 Sena Acolatse            Patrick Sieloff          40     1   2  2  

Last Minutes Offensive
   Center                   Left Wing                Right Wing               Defense                  Defense                  
   Evan Rodrigues           Kerby Rychel             Logan Shaw               Erik Burgdoerfer         Gustav Forsling          

Last Minutes Defensive
   Center                   Left Wing                Right Wing               Defense                  Defense                  
   Evan Rodrigues           Kerby Rychel             Logan Shaw               Erik Burgdoerfer         Gustav Forsling          

Goaltenders
Starting : Cal Heeter               
Backup : Magnus Hellberg          

Extra Forwards
Normal : Dylan Sadowy, Troy Josephs, Justin Scott - PP : Dylan Sadowy, Troy Josephs - PK : Justin Scott
Extra Defensemen
Normal : Cody Corbett, Jacob Middleton, Sena Acolatse - PP : Cody Corbett - PK : Jacob Middleton, Sena Acolatse
Penalty Shots
Evan Rodrigues, Logan Shaw, Kerby Rychel, Justin Dowling, Danny Kristo

Scratches
Evan McEneny (Healthy)

Philadelphia Phantoms

5 vs 5 Forward 
   Center                   Left Wing                Right Wing               Time % Phy DF OF 
 1 Scott Laughton           Joshua Ho-Sang           Kevin Fiala              34     0   1  4  
 2 Sean Kuraly              Kevin Labanc             Dale Weise               30     0   1  4  
 3 Jordan Maletta           Dryden Hunt              Zac Dalpe                26     0   4  1  
 4 Jon Martin               Nic Kerdiles             Juho Lammikko            10     0   4  1  

5 vs 5 Defense 
   Defense                  Defense                                           Time % Phy DF OF 
 1 Brandon Montour          Alexandre Carrier                                 40     1   3  1  
 2 Dean Kukan               Dakota Mermis                                     36     1   3  1  
 3 Chad Billins             Jonathan Diaby                                    24     1   3  1  
 4 Jonathan Diaby           Alexandre Carrier                                 0      1   3  1  

PowerPlay Forward 
   Center                   Left Wing                Right Wing               Time % Phy DF OF 
 1 Scott Laughton           Joshua Ho-Sang           Kevin Fiala              60     0   0  5  
 2 Sean Kuraly              Kevin Fiala              Dale Weise               40     0   0  5  

PowerPlay Defense
   Defense                  Defense                                           Time % Phy DF OF 
 1 Brandon Montour          Alexandre Carrier                                 60     0   2  3  
 2 Dean Kukan               Dakota Mermis                                     40     0   2  3  

Penalty Kill 4 Players Forward 
   Center                   Wing                     Time % Phy DF OF 
 1 Scott Laughton           Zac Dalpe                60     0   5  0  
 2 Jordan Maletta           Sean Kuraly              40     0   5  0  

Penalty Kill 4 Players Defense
   Defense                  Defense                  Time % Phy DF OF 
 1 Chad Billins             Alexandre Carrier        60     0   5  0  
 2 Dean Kukan               Dakota Mermis            40     0   5  0  

Penalty Kill - 3 Players Forward 
   Forward                                           Time % Phy DF OF 
 1 Zac Dalpe                                         60     0   5  0  
 2 Jordan Maletta                                    40     0   5  0  

Penalty Kill - 3 Players Defense
   Defense                  Defense                  Time % Phy DF OF 
 1 Chad Billins             Alexandre Carrier        60     0   5  0  
 2 Dean Kukan               Dakota Mermis            40     0   5  0  

4 vs 4 Forward 
   Center                   Wing                     Time % Phy DF OF 
 1 Joshua Ho-Sang           Dale Weise               60     1   2  2  
 2 Kevin Labanc             Kevin Fiala              40     1   2  2  

4 vs 4 Defense
   Defense                  Defense                  Time % Phy DF OF 
 1 Brandon Montour          Alexandre Carrier        60     1   2  2  
 2 Dean Kukan               Dakota Mermis            40     1   2  2  

Last Minutes Offensive
   Center                   Left Wing                Right Wing               Defense                  Defense                  
   Joshua Ho-Sang           Kevin Labanc             Dale Weise               Dean Kukan               Alexandre Carrier        

Last Minutes Defensive
   Center                   Left Wing                Right Wing               Defense                  Defense                  
   Scott Laughton           Sean Kuraly              Zac Dalpe                Dean Kukan               Chad Billins             

Goaltenders
Starting : Alex Lyon                
Backup : Darcy Kuemper            

Extra Forwards
Normal : Sean Kuraly, Dryden Hunt, Jordan Maletta - PP : Sean Kuraly, Dryden Hunt - PK : Jordan Maletta
Extra Defensemen
Normal : Chad Billins, Alexandre Carrier, Dean Kukan - PP : Chad Billins - PK : Brandon Montour, Dean Kukan
Penalty Shots
Joshua Ho-Sang, Dale Weise, Kevin Labanc, Kevin Fiala, Scott Laughton

Scratches
Rihards Bukarts (Healthy), Matt Caito (Healthy), Matthew O'Connor (Healthy)

% Time on Ice - Bridgeport Sound Tigers

Lines # - Real PCT - Wanted PCT - Time Play
Normal Forward
1 - 26% - 40% - 13:30
2 - 36% - 30% - 18:57
3 - 21% - 20% - 10:51
4 - 17% - 10% - 8:41
Normal Defense
1 - 38% - 40% - 19:30
2 - 31% - 30% - 16:01
3 - 27% - 20% - 13:53
4 - 5% - 10% - 2:35
PP Forward
1 - 63% - 60% - 2:31
2 - 37% - 40% - 1:27
PP Defense
1 - 56% - 60% - 2:13
2 - 44% - 40% - 1:45
PK Forward
1 - 78% - 60% - 3:09
2 - 22% - 40% - 0:54
PK Defense
1 - 61% - 60% - 2:29
2 - 39% - 40% - 1:34
PK3 Forward
1 - 0% - 60%
2 - 0% - 40%
PK3 Defense
1 - 0% - 60%
2 - 0% - 40%
44 Forward
1 - 0% - 60%
2 - 0% - 40%
44 Defense
1 - 0% - 60%
2 - 0% - 40%
Last Minute Offensive  - 0:00
Last Minute Defensive  - 0:00
Total
Forward - 60:00
Defense - 60:00

% Time on Ice - Philadelphia Phantoms

Lines # - Real PCT - Wanted PCT - Time Play
Normal Forward
1 - 31% - 34% - 16:15
2 - 27% - 30% - 14:16
3 - 24% - 26% - 12:19
4 - 18% - 10% - 9:09
Normal Defense
1 - 38% - 40% - 19:48
2 - 35% - 36% - 18:14
3 - 27% - 24% - 13:47
4 - 0% - 0% - 0:10
PP Forward
1 - 63% - 60% - 2:34
2 - 37% - 40% - 1:29
PP Defense
1 - 61% - 60% - 2:29
2 - 39% - 40% - 1:34
PK Forward
1 - 87% - 60% - 3:28
2 - 13% - 40% - 0:30
PK Defense
1 - 58% - 60% - 2:17
2 - 42% - 40% - 1:41
PK3 Forward
1 - 0% - 60%
2 - 0% - 40%
PK3 Defense
1 - 0% - 60%
2 - 0% - 40%
44 Forward
1 - 0% - 60%
2 - 0% - 40%
44 Defense
1 - 0% - 60%
2 - 0% - 40%
Last Minute Offensive  - 0:00
Last Minute Defensive  - 0:00
Total
Forward - 60:00
Defense - 60:00

Play by Play

1st period


0:01 of 1st period - Evan Rodrigues wins face-off versus Scott Laughton in neutral zone.
0:06 of 1st period - Snap shot by Evan Rodrigues.
0:06 of 1st period - Shot Misses the Net.
0:08 of 1st period - Slapshot by Erik Burgdoerfer.
0:08 of 1st period - Stopped by Alex Lyon with a rebound.
0:10 of 1st period - Snap shot by Evan Rodrigues.
0:10 of 1st period - Stopped by Alex Lyon with a rebound.
0:12 of 1st period - Wrist shot by Logan Shaw.
0:12 of 1st period - Stopped by Alex Lyon with a rebound.
0:38 of 1st period - Slapshot by Kevin Labanc.
0:38 of 1st period - Stopped by Cal Heeter with a rebound.
1:40 of 1st period - Snap shot by Dale Weise.
1:40 of 1st period - Stopped by Cal Heeter with a rebound.
2:58 of 1st period - Off-side.
2:59 of 1st period - Zac Dalpe wins face-off versus Stephen MacAulay in neutral zone.
3:06 of 1st period - Snap shot by Dryden Hunt.
3:06 of 1st period - Deflect By Zac Dalpe.
3:06 of 1st period - Stopped by Cal Heeter without a rebound.
3:07 of 1st period - Scott Laughton wins face-off versus Michael Bunting in Bridgeport Sound Tigers zone.
3:35 of 1st period - Wrist shot by Kevin Fiala.
3:35 of 1st period - Stopped by Cal Heeter with a rebound.
3:37 of 1st period - Slapshot by Alexandre Carrier.
3:37 of 1st period - Shot Misses the Net.
3:39 of 1st period - Slapshot by Brandon Montour.
3:39 of 1st period - Shot Blocked by Gustav Forsling.
3:41 of 1st period - Wrist shot by Dale Weise.
3:41 of 1st period - Stopped by Cal Heeter without a rebound.
3:42 of 1st period - Jordan Maletta wins face-off versus Justin Scott in Bridgeport Sound Tigers zone.
3:51 of 1st period - Jordan Maletta is hit by Sena Acolatse and loses puck.
3:59 of 1st period - Sena Acolatse beats up Dryden Hunt.
3:59 of 1st period - Penalty to Dryden Hunt for Fighting.
3:59 of 1st period - Penalty to Sena Acolatse for Fighting.
4:00 of 1st period - Joshua Ho-Sang wins face-off versus Evan Rodrigues in Philadelphia Phantoms zone.
4:49 of 1st period - Slapshot by Zac Dalpe.
4:49 of 1st period - Stopped by Cal Heeter with a rebound.
5:03 of 1st period - Wrist shot by Nic Kerdiles.
5:03 of 1st period - Shot Blocked by Stephen MacAulay.
5:30 of 1st period - Snap shot by Joshua Ho-Sang.
5:30 of 1st period - Deflect By Kevin Fiala.
5:30 of 1st period - Shot Blocked by Cody Corbett.
5:30 of 1st period - Puck is out of play.
5:31 of 1st period - Jordan Maletta wins face-off versus Justin Dowling in Bridgeport Sound Tigers zone.
6:17 of 1st period - Snap shot by Kevin Fiala.
6:17 of 1st period - Deflect By Justin Scott.
6:17 of 1st period - Shot Blocked by Patrick Sieloff.
6:17 of 1st period - Puck is out of play.
6:18 of 1st period - Jon Martin wins face-off versus Justin Scott in Bridgeport Sound Tigers zone.
6:47 of 1st period - Slapshot by Justin Dowling.
6:47 of 1st period - Shot Blocked by Alexandre Carrier.
7:09 of 1st period - Snap shot by Logan Shaw.
7:09 of 1st period - Stopped by Alex Lyon with a rebound.
7:23 of 1st period - Snap shot by Zac Dalpe.
7:23 of 1st period - Shot Blocked by Gustav Forsling.
7:25 of 1st period - Slapshot by Alexandre Carrier.
7:25 of 1st period - Stopped by Cal Heeter with a rebound.
8:53 of 1st period - Michael Bunting is hit by Jon Martin and loses puck.
9:16 of 1st period - Slapshot by Brandon Montour.
9:16 of 1st period - Stopped by Cal Heeter without a rebound.
9:17 of 1st period - Evan Rodrigues wins face-off versus Scott Laughton in Bridgeport Sound Tigers zone.
9:17 of 1st period - Evan Rodrigues is hit by Jonathan Diaby.
9:25 of 1st period - Wrist shot by Kerby Rychel.
9:25 of 1st period - Stopped by Alex Lyon without a rebound.
9:26 of 1st period - Scott Laughton wins face-off versus Kerby Rychel in Philadelphia Phantoms zone.
9:30 of 1st period - Off-side.
9:31 of 1st period - Sean Kuraly wins face-off versus Evan Rodrigues in neutral zone.
9:37 of 1st period - Icing by Evan Rodrigues.
9:38 of 1st period - Evan Rodrigues wins face-off versus Sean Kuraly in Bridgeport Sound Tigers zone.
9:38 of 1st period - Evan Rodrigues is hit by Dale Weise.
9:51 of 1st period - Snap shot by Evan Rodrigues.
9:51 of 1st period - Shot Blocked by Alexandre Carrier.
9:53 of 1st period - Slapshot by Logan Shaw.
9:53 of 1st period - Stopped by Alex Lyon with a rebound.
10:07 of 1st period - Off-side.
10:08 of 1st period - Justin Dowling wins face-off versus Scott Laughton in neutral zone.
10:34 of 1st period - Dean Kukan is hit by Kerby Rychel and loses puck.
10:47 of 1st period - Snap shot by Evan Rodrigues.
10:47 of 1st period - Shot Misses the Net.
10:53 of 1st period - Slapshot by Kevin Labanc.
10:53 of 1st period - Shot Misses the Net.
10:55 of 1st period - Slapshot by Brandon Montour.
10:55 of 1st period - Deflect By Kevin Labanc.
10:55 of 1st period - Shot Misses the Net.
10:55 of 1st period - Puck is out of play.
10:56 of 1st period - Sean Kuraly wins face-off versus Justin Scott in Bridgeport Sound Tigers zone.
11:19 of 1st period - Wrist shot by Kevin Fiala.
11:19 of 1st period - Shot Blocked by Stephen MacAulay.
11:21 of 1st period - Snap shot by Alexandre Carrier.
11:21 of 1st period - Stopped by Cal Heeter with a rebound.
11:23 of 1st period - Backhand shot by Scott Laughton.
11:23 of 1st period - Stopped by Cal Heeter without a rebound.
11:24 of 1st period - Evan Rodrigues wins face-off versus Sean Kuraly in Bridgeport Sound Tigers zone.
11:24 of 1st period - Jonathan Diaby and Sena Acolatse fight to a draw.
11:24 of 1st period - Penalty to Jonathan Diaby for Fighting.
11:24 of 1st period - Penalty to Sena Acolatse for Fighting.
11:25 of 1st period - Sean Kuraly wins face-off versus Evan Rodrigues in Bridgeport Sound Tigers zone.
11:26 of 1st period - Snap shot by Kevin Labanc.
11:26 of 1st period - Shot Misses the Net.
11:37 of 1st period - Snap shot by Evan Rodrigues.
11:37 of 1st period - Stopped by Alex Lyon with a rebound.
13:03 of 1st period - Snap shot by Sean Kuraly.
13:03 of 1st period - Shot Misses the Net.
13:10 of 1st period - Icing by Danny Kristo.
13:11 of 1st period - Scott Laughton wins face-off versus Danny Kristo in Bridgeport Sound Tigers zone.
13:45 of 1st period - Slapshot by Kevin Labanc.
13:45 of 1st period - Shot Misses the Net.
13:47 of 1st period - Slapshot by Sean Kuraly.
13:47 of 1st period - Shot Misses the Net.
14:39 of 1st period - Gustav Forsling is hit by Alexandre Carrier.
14:53 of 1st period - Wrist shot by Scott Laughton.
14:53 of 1st period - Stopped by Cal Heeter without a rebound.
14:54 of 1st period - Justin Scott wins face-off versus Sean Kuraly in Bridgeport Sound Tigers zone.
14:54 of 1st period - Justin Scott is hit by Dean Kukan.
15:14 of 1st period - Logan Shaw is hit by Dakota Mermis and loses puck.
15:41 of 1st period - Zac Dalpe is hit by Gustav Forsling and loses puck.
16:13 of 1st period - Evan Rodrigues is hit by Scott Laughton and loses puck.
16:38 of 1st period - Slapshot by Evan Rodrigues.
16:38 of 1st period - Stopped by Alex Lyon with a rebound.
16:46 of 1st period - Wrist shot by Evan Rodrigues.
16:46 of 1st period - Stopped by Alex Lyon with a rebound.
16:48 of 1st period - Snap shot by Evan Rodrigues.
16:48 of 1st period - Stopped by Alex Lyon with a rebound.
16:50 of 1st period - Wrist shot by Evan Rodrigues.
16:50 of 1st period - Stopped by Alex Lyon without a rebound.
16:51 of 1st period - Justin Dowling wins face-off versus Sean Kuraly in Philadelphia Phantoms zone.
16:52 of 1st period - Snap shot by Danny Kristo.
16:52 of 1st period - Stopped by Alex Lyon with a rebound.
17:02 of 1st period - Slapshot by Sean Kuraly.
17:02 of 1st period - Stopped by Cal Heeter without a rebound.
17:03 of 1st period - Michael Bunting wins face-off versus Scott Laughton in Bridgeport Sound Tigers zone.
17:05 of 1st period - Minor Penalty to Michael Bunting for Roughing.
17:06 of 1st period - Scott Laughton wins face-off versus Evan Rodrigues in Bridgeport Sound Tigers zone.
17:08 of 1st period - Wrist shot by Kevin Fiala.
17:08 of 1st period - Shot Misses the Net.
17:10 of 1st period - Wrist shot by Joshua Ho-Sang.
17:10 of 1st period - Goal by Joshua Ho-Sang - Bridgeport Sound Tigers : 0 - Philadelphia Phantoms : 1.
17:11 of 1st period - Scott Laughton wins face-off versus Evan Rodrigues in neutral zone.
17:19 of 1st period - Icing by Gustav Forsling.
17:20 of 1st period - Scott Laughton wins face-off versus Evan Rodrigues in Bridgeport Sound Tigers zone.
17:52 of 1st period - Snap shot by Logan Shaw.
17:52 of 1st period - Stopped by Alex Lyon with a rebound.
17:54 of 1st period - Wrist shot by Logan Shaw.
17:54 of 1st period - Deflect By Joshua Ho-Sang.
17:54 of 1st period - Shot Misses the Net.
17:54 of 1st period - Puck is out of play.
17:55 of 1st period - Jordan Maletta wins face-off versus Justin Dowling in Philadelphia Phantoms zone.
17:59 of 1st period - Off-side.
18:00 of 1st period - Jordan Maletta wins face-off versus Michael Bunting in neutral zone.
18:09 of 1st period - Snap shot by Danny Kristo.
18:09 of 1st period - Stopped by Alex Lyon with a rebound.
18:25 of 1st period - Snap shot by Dale Weise.
18:25 of 1st period - Stopped by Cal Heeter with a rebound.
19:06 of 1st period - Snap shot by Nic Kerdiles.
19:06 of 1st period - Stopped by Cal Heeter without a rebound.
19:07 of 1st period - Justin Dowling wins face-off versus Jordan Maletta in Bridgeport Sound Tigers zone.
19:07 of 1st period - Justin Dowling is hit by Zac Dalpe.
19:16 of 1st period - Off-side.
19:17 of 1st period - Jordan Maletta wins face-off versus Justin Dowling in neutral zone.
Goals for this period are 0 for Bridgeport Sound Tigers vs 1 for Philadelphia Phantoms.
Shots for this period are 14 for Bridgeport Sound Tigers vs 15 for Philadelphia Phantoms.

2nd period


0:01 of 2nd period - Sean Kuraly wins face-off versus Logan Shaw in neutral zone.
0:16 of 2nd period - Wrist shot by Logan Shaw.
0:16 of 2nd period - Shot Misses the Net.
0:26 of 2nd period - Joshua Ho-Sang is hit by Michael Bunting and loses puck.
0:44 of 2nd period - Off-side.
0:45 of 2nd period - Zac Dalpe wins face-off versus Justin Scott in neutral zone.
0:54 of 2nd period - Backhand shot by Justin Scott.
0:54 of 2nd period - Stopped by Alex Lyon with a rebound.
1:43 of 2nd period - Snap shot by Logan Shaw.
1:43 of 2nd period - Stopped by Alex Lyon with a rebound.
1:49 of 2nd period - Patrick Sieloff is hit by Jordan Maletta and loses puck.
1:54 of 2nd period - Snap shot by Brandon Montour.
1:54 of 2nd period - Shot Misses the Net.
1:56 of 2nd period - Slapshot by Alexandre Carrier.
1:56 of 2nd period - Stopped by Cal Heeter with a rebound.
2:00 of 2nd period - Snap shot by Jordan Maletta.
2:00 of 2nd period - Stopped by Cal Heeter without a rebound.
2:01 of 2nd period - Daniel Catenacci wins face-off versus Sean Kuraly in Bridgeport Sound Tigers zone.
2:01 of 2nd period - Daniel Catenacci is hit by Brandon Montour.
2:09 of 2nd period - Dale Weise is hit by Justin Scott and loses puck.
2:16 of 2nd period - Slapshot by Gustav Forsling.
2:16 of 2nd period - Deflect By Evan Rodrigues.
2:16 of 2nd period - Stopped by Alex Lyon with a rebound.
2:36 of 2nd period - Snap shot by Joshua Ho-Sang.
2:36 of 2nd period - Stopped by Cal Heeter without a rebound.
2:37 of 2nd period - Sean Kuraly wins face-off versus Evan Rodrigues in Bridgeport Sound Tigers zone.
3:07 of 2nd period - Slapshot by Gustav Forsling.
3:07 of 2nd period - Shot Blocked by Dean Kukan.
3:25 of 2nd period - Justin Scott is hit by Nic Kerdiles and loses puck.
3:46 of 2nd period - Icing by Sean Kuraly.
3:47 of 2nd period - Sean Kuraly wins face-off versus Ryan Lomberg in Philadelphia Phantoms zone.
4:14 of 2nd period - Snap shot by Dale Weise.
4:14 of 2nd period - Shot Blocked by Ryan Lomberg.
4:20 of 2nd period - Snap shot by Ryan Lomberg.
4:20 of 2nd period - Deflect By Logan Shaw.
4:20 of 2nd period - Shot Blocked by Brandon Montour.
4:20 of 2nd period - Puck is out of play.
4:21 of 2nd period - Justin Scott wins face-off versus Scott Laughton in Philadelphia Phantoms zone.
4:22 of 2nd period - Wrist shot by Evan Rodrigues.
4:22 of 2nd period - Deflect By Justin Scott.
4:22 of 2nd period - Shot Misses the Net.
4:22 of 2nd period - Puck is out of play.
4:23 of 2nd period - Justin Scott wins face-off versus Scott Laughton in Philadelphia Phantoms zone.
4:48 of 2nd period - Justin Dowling is hit by Dale Weise and loses puck.
4:55 of 2nd period - Snap shot by Kevin Labanc.
4:55 of 2nd period - Stopped by Cal Heeter with a rebound.
4:57 of 2nd period - Snap shot by Dale Weise.
4:57 of 2nd period - Stopped by Cal Heeter with a rebound.
4:59 of 2nd period - Slapshot by Dale Weise.
4:59 of 2nd period - Shot Misses the Net.
5:11 of 2nd period - Snap shot by Kerby Rychel.
5:11 of 2nd period - Deflect By Alexandre Carrier.
5:11 of 2nd period - Shot Misses the Net.
5:11 of 2nd period - Puck is out of play.
5:12 of 2nd period - Zac Dalpe wins face-off versus Evan Rodrigues in Philadelphia Phantoms zone.
5:12 of 2nd period - Zac Dalpe is hit by Kerby Rychel.
5:20 of 2nd period - Snap shot by Zac Dalpe.
5:20 of 2nd period - Shot Misses the Net.
5:22 of 2nd period - Wrist shot by Dryden Hunt.
5:22 of 2nd period - Shot Blocked by Cody Corbett.
5:26 of 2nd period - Snap shot by Zac Dalpe.
5:26 of 2nd period - Shot Misses the Net.
6:08 of 2nd period - Snap shot by Kerby Rychel.
6:08 of 2nd period - Shot Misses the Net.
6:12 of 2nd period - Snap shot by Kerby Rychel.
6:12 of 2nd period - Shot Blocked by Alexandre Carrier.
6:50 of 2nd period - Wrist shot by Kerby Rychel.
6:50 of 2nd period - Shot Misses the Net.
6:52 of 2nd period - Slapshot by Jacob Middleton.
6:52 of 2nd period - Stopped by Alex Lyon without a rebound.
6:53 of 2nd period - Scott Laughton wins face-off versus Justin Dowling in Philadelphia Phantoms zone.
6:53 of 2nd period - Scott Laughton is hit by Justin Dowling.
7:18 of 2nd period - Gustav Forsling is hit by Dakota Mermis and loses puck.
7:42 of 2nd period - Slapshot by Dean Kukan.
7:42 of 2nd period - Deflect By Jon Martin.
7:42 of 2nd period - Shot Misses the Net.
7:42 of 2nd period - Puck is out of play.
7:43 of 2nd period - Justin Dowling wins face-off versus Scott Laughton in Bridgeport Sound Tigers zone.
8:01 of 2nd period - Wrist shot by Dale Weise.
8:01 of 2nd period - Shot Misses the Net.
8:05 of 2nd period - Wrist shot by Kevin Labanc.
8:05 of 2nd period - Goal by Kevin Labanc - Bridgeport Sound Tigers : 0 - Philadelphia Phantoms : 2.
8:06 of 2nd period - Justin Dowling wins face-off versus Joshua Ho-Sang in neutral zone.
8:13 of 2nd period - Slapshot by Gustav Forsling.
8:13 of 2nd period - Shot Blocked by Joshua Ho-Sang.
8:15 of 2nd period - Minor Penalty to Jonathan Diaby for Hooking.
8:16 of 2nd period - Evan Rodrigues wins face-off versus Scott Laughton in Philadelphia Phantoms zone.
8:25 of 2nd period - Wrist shot by Evan Rodrigues.
8:25 of 2nd period - Stopped by Alex Lyon with a rebound.
8:27 of 2nd period - Slapshot by Erik Burgdoerfer.
8:27 of 2nd period - Shot Misses the Net.
8:29 of 2nd period - Slapshot by Gustav Forsling.
8:29 of 2nd period - Stopped by Alex Lyon without a rebound.
8:30 of 2nd period - Scott Laughton wins face-off versus Evan Rodrigues in Philadelphia Phantoms zone.
10:15 of 2nd period - Penalty to Jonathan Diaby is over, Jonathan Diaby is back on ice.
10:25 of 2nd period - Dean Kukan is hit by Patrick Sieloff and loses puck.
10:34 of 2nd period - Nic Kerdiles is hit by Daniel Catenacci and loses puck.
10:59 of 2nd period - Cody Corbett is hit by Joshua Ho-Sang.
11:40 of 2nd period - Dean Kukan is hit by Evan Rodrigues and loses puck.
12:23 of 2nd period - Sena Acolatse is hit by Jon Martin and loses puck.
12:45 of 2nd period - Icing by Jonathan Diaby.
12:46 of 2nd period - Stephen MacAulay wins face-off versus Scott Laughton in Philadelphia Phantoms zone.
12:51 of 2nd period - Chad Billins is hit by Troy Josephs and loses puck.
13:04 of 2nd period - Minor Penalty to Brandon Montour for Roughing.
13:05 of 2nd period - Evan Rodrigues wins face-off versus Scott Laughton in Philadelphia Phantoms zone.
13:22 of 2nd period - Alexandre Carrier is hit by Kerby Rychel and loses puck.
14:53 of 2nd period - Dakota Mermis is hit by Kerby Rychel and loses puck.
15:04 of 2nd period - Penalty to Brandon Montour is over, Brandon Montour is back on ice.
15:18 of 2nd period - Wrist shot by Scott Laughton.
15:18 of 2nd period - Stopped by Cal Heeter without a rebound.
15:19 of 2nd period - Justin Dowling wins face-off versus Jon Martin in Bridgeport Sound Tigers zone.
15:34 of 2nd period - Slapshot by Nic Kerdiles.
15:34 of 2nd period - Shot Misses the Net.
16:10 of 2nd period - Justin Dowling is hit by Alexandre Carrier and loses puck.
16:20 of 2nd period - Icing by Alexandre Carrier.
16:21 of 2nd period - Justin Scott wins face-off versus Jon Martin in Philadelphia Phantoms zone.
16:34 of 2nd period - Wrist shot by Daniel Catenacci.
16:34 of 2nd period - Goal by Daniel Catenacci - Bridgeport Sound Tigers : 1 - Philadelphia Phantoms : 2.
16:35 of 2nd period - Evan Rodrigues wins face-off versus Scott Laughton in neutral zone.
16:40 of 2nd period - Snap shot by Evan Rodrigues.
16:40 of 2nd period - Stopped by Alex Lyon with a rebound.
16:42 of 2nd period - Snap shot by Evan Rodrigues.
16:42 of 2nd period - Stopped by Alex Lyon with a rebound.
16:44 of 2nd period - Snap shot by Kerby Rychel.
16:44 of 2nd period - Shot Blocked by Joshua Ho-Sang.
16:46 of 2nd period - Wrist shot by Evan Rodrigues.
16:46 of 2nd period - Deflect By Kerby Rychel.
16:46 of 2nd period - Stopped by Alex Lyon without a rebound.
16:47 of 2nd period - Evan Rodrigues wins face-off versus Scott Laughton in Philadelphia Phantoms zone.
16:48 of 2nd period - Snap shot by Kerby Rychel.
16:48 of 2nd period - Goal by Kerby Rychel - Bridgeport Sound Tigers : 2 - Philadelphia Phantoms : 2.
16:49 of 2nd period - Scott Laughton wins face-off versus Evan Rodrigues in neutral zone.
16:57 of 2nd period - Icing by Evan Rodrigues.
16:58 of 2nd period - Evan Rodrigues wins face-off versus Kevin Fiala in Bridgeport Sound Tigers zone.
17:05 of 2nd period - Snap shot by Kevin Fiala.
17:05 of 2nd period - Shot Misses the Net.
17:24 of 2nd period - Slapshot by Kevin Fiala.
17:24 of 2nd period - Shot Blocked by Erik Burgdoerfer.
17:27 of 2nd period - Icing by Logan Shaw.
17:28 of 2nd period - Logan Shaw wins face-off versus Sean Kuraly in Bridgeport Sound Tigers zone.
17:39 of 2nd period - Snap shot by Kerby Rychel.
17:39 of 2nd period - Stopped by Alex Lyon with a rebound.
17:41 of 2nd period - Wrist shot by Logan Shaw.
17:41 of 2nd period - Shot Blocked by Sean Kuraly.
17:43 of 2nd period - Snap shot by Evan Rodrigues.
17:43 of 2nd period - Shot Blocked by Dakota Mermis.
18:31 of 2nd period - Wrist shot by Logan Shaw.
18:31 of 2nd period - Shot Misses the Net.
18:37 of 2nd period - Snap shot by Kerby Rychel.
18:37 of 2nd period - Shot Blocked by Dakota Mermis.
18:39 of 2nd period - Snap shot by Logan Shaw.
18:39 of 2nd period - Stopped by Alex Lyon without a rebound.
18:40 of 2nd period - Justin Dowling wins face-off versus Scott Laughton in Philadelphia Phantoms zone.
18:55 of 2nd period - Snap shot by Justin Dowling.
18:55 of 2nd period - Shot Misses the Net.
19:48 of 2nd period - Wrist shot by Ryan Lomberg.
19:48 of 2nd period - Shot Misses the Net.
19:58 of 2nd period - Alexandre Carrier is hit by Michael Bunting and loses puck.
Goals for this period are 2 for Bridgeport Sound Tigers vs 1 for Philadelphia Phantoms.
Shots for this period are 13 for Bridgeport Sound Tigers vs 7 for Philadelphia Phantoms.

3rd period


0:01 of 3rd period - Scott Laughton wins face-off versus Evan Rodrigues in neutral zone.
0:04 of 3rd period - Snap shot by Joshua Ho-Sang.
0:04 of 3rd period - Shot Misses the Net.
0:06 of 3rd period - Snap shot by Joshua Ho-Sang.
0:06 of 3rd period - Stopped by Cal Heeter without a rebound.
0:07 of 3rd period - Evan Rodrigues wins face-off versus Scott Laughton in Bridgeport Sound Tigers zone.
0:12 of 3rd period - Wrist shot by Logan Shaw.
0:12 of 3rd period - Stopped by Alex Lyon without a rebound.
0:13 of 3rd period - Sean Kuraly wins face-off versus Evan Rodrigues in Philadelphia Phantoms zone.
0:18 of 3rd period - Chad Billins is hit by Kerby Rychel and loses puck.
0:50 of 3rd period - Wrist shot by Joshua Ho-Sang.
0:50 of 3rd period - Goal by Joshua Ho-Sang - Bridgeport Sound Tigers : 2 - Philadelphia Phantoms : 3.
0:51 of 3rd period - Scott Laughton wins face-off versus Evan Rodrigues in neutral zone.
0:54 of 3rd period - Wrist shot by Kevin Fiala.
0:54 of 3rd period - Shot Misses the Net.
2:10 of 3rd period - Slapshot by Brandon Montour.
2:10 of 3rd period - Deflect By Juho Lammikko.
2:10 of 3rd period - Shot Hit the Post.
2:10 of 3rd period - Puck is out of play.
2:11 of 3rd period - Scott Laughton wins face-off versus Justin Scott in Bridgeport Sound Tigers zone.
2:33 of 3rd period - Minor Penalty to Erik Burgdoerfer for Roughing.
2:34 of 3rd period - Scott Laughton wins face-off versus Evan Rodrigues in Bridgeport Sound Tigers zone.
2:43 of 3rd period - Slapshot by Kevin Fiala.
2:43 of 3rd period - Stopped by Cal Heeter with a rebound.
2:45 of 3rd period - Slapshot by Brandon Montour.
2:45 of 3rd period - Shot Blocked by Logan Shaw.
3:03 of 3rd period - Jacob Middleton is hit by Brandon Montour.
3:10 of 3rd period - Icing by Sean Kuraly.
3:11 of 3rd period - Evan Rodrigues wins face-off versus Sean Kuraly in Philadelphia Phantoms zone.
3:37 of 3rd period - Slapshot by Kerby Rychel.
3:37 of 3rd period - Shot Misses the Net.
3:55 of 3rd period - Wrist shot by Sean Kuraly.
3:55 of 3rd period - Shot Misses the Net.
3:57 of 3rd period - Snap shot by Dryden Hunt.
3:57 of 3rd period - Shot Misses the Net.
3:59 of 3rd period - Wrist shot by Dale Weise.
3:59 of 3rd period - Stopped by Cal Heeter with a rebound.
4:09 of 3rd period - Dakota Mermis is hit by Dylan Sadowy and loses puck.
4:33 of 3rd period - Penalty to Erik Burgdoerfer is over, Erik Burgdoerfer is back on ice.
4:46 of 3rd period - Wrist shot by Chad Billins.
4:46 of 3rd period - Deflect By Nic Kerdiles.
4:46 of 3rd period - Shot Blocked by Justin Dowling.
4:46 of 3rd period - Puck is out of play.
4:47 of 3rd period - Jon Martin wins face-off versus Justin Dowling in Bridgeport Sound Tigers zone.
4:48 of 3rd period - Wrist shot by Nic Kerdiles.
4:48 of 3rd period - Stopped by Cal Heeter without a rebound.
4:49 of 3rd period - Jordan Maletta wins face-off versus Justin Dowling in Bridgeport Sound Tigers zone.
5:22 of 3rd period - Snap shot by Kerby Rychel.
5:22 of 3rd period - Stopped by Alex Lyon with a rebound.
5:38 of 3rd period - Wrist shot by Justin Scott.
5:38 of 3rd period - Shot Blocked by Sean Kuraly.
5:40 of 3rd period - Wrist shot by Evan Rodrigues.
5:40 of 3rd period - Shot Misses the Net.
5:42 of 3rd period - Backhand shot by Jacob Middleton.
5:42 of 3rd period - Shot Blocked by Brandon Montour.
5:54 of 3rd period - Ryan Lomberg is hit by Jon Martin and loses puck.
6:13 of 3rd period - Slapshot by Dryden Hunt.
6:13 of 3rd period - Shot Misses the Net.
6:33 of 3rd period - Gustav Forsling is hit by Chad Billins.
7:24 of 3rd period - Nic Kerdiles is hit by Michael Bunting and loses puck.
8:01 of 3rd period - Justin Scott is hit by Kevin Fiala and loses puck.
8:12 of 3rd period - Justin Scott is hit by Joshua Ho-Sang and loses puck.
8:35 of 3rd period - Snap shot by Kerby Rychel.
8:35 of 3rd period - Shot Misses the Net.
10:38 of 3rd period - Slapshot by Dean Kukan.
10:38 of 3rd period - Deflect By Zac Dalpe.
10:38 of 3rd period - Shot Misses the Net.
10:38 of 3rd period - Puck is out of play.
10:39 of 3rd period - Sean Kuraly wins face-off versus Justin Scott in Bridgeport Sound Tigers zone.
11:22 of 3rd period - Wrist shot by Kevin Fiala.
11:22 of 3rd period - Shot Misses the Net.
11:24 of 3rd period - Snap shot by Jordan Maletta.
11:24 of 3rd period - Stopped by Cal Heeter with a rebound.
11:26 of 3rd period - Slapshot by Zac Dalpe.
11:26 of 3rd period - Shot Misses the Net.
11:28 of 3rd period - Backhand shot by Zac Dalpe.
11:28 of 3rd period - Stopped by Cal Heeter without a rebound.
11:29 of 3rd period - Jordan Maletta wins face-off versus Evan Rodrigues in Bridgeport Sound Tigers zone.
12:07 of 3rd period - Wrist shot by Zac Dalpe.
12:07 of 3rd period - Stopped by Cal Heeter with a rebound.
12:09 of 3rd period - Backhand shot by Jordan Maletta.
12:09 of 3rd period - Shot Misses the Net.
12:15 of 3rd period - Slapshot by Dryden Hunt.
12:15 of 3rd period - Stopped by Cal Heeter with a rebound.
12:17 of 3rd period - Snap shot by Jordan Maletta.
12:17 of 3rd period - Goal by Jordan Maletta - Bridgeport Sound Tigers : 2 - Philadelphia Phantoms : 4.
12:18 of 3rd period - Evan Rodrigues wins face-off versus Scott Laughton in neutral zone.
12:20 of 3rd period - Minor Penalty to Kerby Rychel for Interference.
12:21 of 3rd period - Evan Rodrigues wins face-off versus Scott Laughton in Bridgeport Sound Tigers zone.
12:25 of 3rd period - Joshua Ho-Sang is hit by Logan Shaw and loses puck.
14:04 of 3rd period - Logan Shaw is hit by Dakota Mermis and loses puck.
14:20 of 3rd period - Penalty to Kerby Rychel is over, Kerby Rychel is back on ice.
14:31 of 3rd period - Slapshot by Jon Martin.
14:31 of 3rd period - Shot Misses the Net.
15:51 of 3rd period - Brandon Montour is hit by Troy Josephs and loses puck.
18:03 of 3rd period - Danny Kristo is hit by Jon Martin and loses puck.
18:47 of 3rd period - Evan Rodrigues is hit by Jordan Maletta and loses puck.
19:46 of 3rd period - Dean Kukan is hit by Evan Rodrigues and loses puck.
Goals for this period are 0 for Bridgeport Sound Tigers vs 2 for Philadelphia Phantoms.
Shots for this period are 2 for Bridgeport Sound Tigers vs 10 for Philadelphia Phantoms.